 Dungeon Crawl Stone Soup version 0.21.1-1-g345015f (webtiles) character file.

630 Fang the Chopper (level 7, -1/44 HPs)
             Began as a Gargoyle Berserker on May 17, 2018.
             Was a Priest of Trog.
             Shot with an arrow by a centaur (4 damage)
             ... on level 5 of the Dungeon.
             The game lasted 00:06:34 (4896 turns).

Fang the Chopper (Gargoyle Berserker)               Turns: 4896, Time: 00:06:35

Health: -1/44      AC:  9    Str: 23    XL:     7   Next: 48%
Magic:  7/7        EV: 13    Int:  7    God:    Trog [***...]
Gold:   268        SH:  0    Dex:  9    Spells: 6/6 levels left

rFire    . . .     SeeInvis .   a - +2 hand axe
rCold    . . .     Gourm    .   (no shield)
rNeg     + . .     Faith    .   b - +2 animal skin
rPois    ∞         Spirit   .   (no helmet)
rElec    +         Reflect  .   (no cloak)
rCorr    .         Harm     .   (no gloves)
MR       +....                  (no boots)
Stlth    ++........             (no amulet)
HPRegen  0.14/turn              q - ring of protection from magic
MPRegen  0.10/turn              (no ring)

@: no status effects
A: negative energy resistance 1, electricity resistance, unbreathing,
petrification resistance, rot immunity, AC +4
a: Berserk, Trog's Hand, Burn Spellbooks, Renounce Religion


You were on level 5 of the Dungeon.
You worshipped Trog.
Trog was most pleased with you.
You were not hungry.

You visited 1 branch of the dungeon, and saw 5 of its levels.

You collected 268 gold pieces.

Inventory:

Hand Weapons
 a - a +2 hand axe (weapon)
Armour
 b - a +2 animal skin (worn)
Jewellery
 q - a ring of protection from magic (left hand)
Wands
 l - a wand of scattershot (6)
 p - a wand of flame (33)
Scrolls
 j - a scroll of teleportation
 k - a scroll of blinking
Potions
 e - a potion of curing
 f - a potion of invisibility
 g - a potion of haste
 i - a potion of flight
 m - 2 potions of brilliance {unknown}
 n - a potion of degeneration {unknown}
 o - a potion of heal wounds {unknown}
 r - a potion of agility {unknown}
 s - a potion of mutation {unknown}
Comestibles
 c - 5 rations


   Skills:
 + Level 4.9 Fighting
 + Level 5.5 Axes
 + Level 2.6 Armour
 + Level 3.3 Dodging
 + Level 2.7 Stealth


You had 6 spell levels left.
You didn't know any spells.

Dungeon Overview and Level Annotations

Branches:
Dungeon (5/15)
 Temple: D:4-7

Altars:
Cheibriados
Elyvilon
Xom

Shops:
D:4 }


Innate Abilities, Weirdness & Mutations

You are resistant to torment.
Your stone body is resilient. (AC +4)
You are immune to poison.
You resist negative energy. (rN+)
You are resistant to electric shocks. (rElec)
You can survive without breathing.
You are immune to petrification.
You are immune to rotting.


Message History

You are too injured to fight recklessly!
You are too injured to fight recklessly!
You are too injured to fight recklessly!
You are too injured to fight recklessly!
You are too injured to fight recklessly!
You are too injured to fight recklessly!
You are too injured to fight recklessly!
You are too injured to fight recklessly!
You are too injured to fight recklessly!
You are too injured to fight recklessly!
You are too injured to fight recklessly!
You are too injured to fight recklessly!
You are too injured to fight recklessly!
You are too injured to fight recklessly!
The centaur shoots an arrow.
The arrow hits you.
* * * LOW HITPOINT WARNING * * *
You see here an arrow.
The centaur shoots an arrow.
The arrow closely misses you.
The centaur shoots an arrow.
The arrow hits you.
You die...

########## #######
.........# .....?.
.........# #.......#
.........# #.......#
.........# #.......#
....(....###.......#
...................#
........(..(.......##
.....>.@...(...)$...####
.......................#
##.##..####c.(.........#
# ##.......#.........#
#..##.............#
##....##..........#
#.c##............ ....
#............ ....
##...........


You could see a centaur.

Vanquished Creatures
  Eustachio (D:4)
  The ghost of Fang the Skirmisher, an amateur GrBe of Trog (D:3)
  A water moccasin zombie (D:5)
  A scorpion (D:4)
  A howler monkey (D:4)
  An orc priest (D:3)
  An orc wizard (D:3)
  3 worker ants
  5 adders
  An ooze (D:3)
  3 worms (D:3)
  A dart slug (D:1)
  3 leopard geckos
  9 orcs
  2 giant cockroaches
  9 hobgoblins
  13 jackals
  3 kobolds
  A quokka (D:4)
  2 ball pythons
  7 bats
  A frilled lizard (D:2)
  8 goblins
  9 rats
87 creatures vanquished.

Vanquished Creatures (others)
  A plant (D:3)
1 creature vanquished.

Grand Total: 88 creatures vanquished

Notes
Turn   | Place    | Note
-------+----------+-------------------------------------------
     0 | D:1      | Fang the Gargoyle Berserker began the quest for the Orb.
     0 | D:1      | Reached XP level 1. HP: 14/14 MP: 1/1
   176 | D:1      | Reached XP level 2. HP: 19/19 MP: 2/2
   226 | D:1      | Reached skill level 3 in Axes
   842 | D:1      | Reached XP level 3. HP: 23/23 MP: 3/3
  1036 | D:2      | Found a white marble altar of Elyvilon.
  1340 | D:2      | Reached ** piety under Trog
  1364 | D:2      | Reached skill level 1 in Stealth
  1976 | D:3      | Reached XP level 4. HP: 29/29 MP: 4/4
  2084 | D:3      | Noticed Fang's ghost (amateur GrBe)
  2115 | D:3      | Killed Fang's ghost
  2115 | D:3      | Reached XP level 5. HP: 16/33 MP: 5/5
  2538 | D:3      | Reached skill level 4 in Axes
  3046 | D:3      | Reached XP level 6. HP: 22/39 MP: 6/6
  3820 | D:4      | Found Peuxosk's Gadget Shop.
  4012 | D:4      | Reached *** piety under Trog
  4182 | D:4      | Noticed Eustachio
  4223 | D:4      | Killed Eustachio
  4223 | D:4      | Reached skill level 5 in Axes
  4223 | D:4      | Reached XP level 7. HP: 20/44 MP: 7/7
  4550 | D:4      | Found a shimmering altar of Xom.
  4782 | D:5      | Entered Level 5 of the Dungeon
  4816 | D:5      | Found a snail-covered altar of Cheibriados.
  4896 | D:5      | Shot with an arrow by a centaur

Skill      XL: |  1  2  3  4  5  6 |
---------------+-------------------+-----
Axes           | 3 4 5 |  5.5
Stealth        | 1 2 |  2.7
Fighting       | 4 |  4.9
Dodging        | 2 3 |  3.3
Armour         | |  2.6

Action                   |  1- 3 |  4- 6 |  7- 9 || total
-------------------------+-------+-------+-------++-------
Melee: Hand axe          |   133 |   202 |    30 ||   365
Invok: Berserk           |       |     3 |       ||     3
  Use: Scroll            |     4 |     7 |     3 ||    14
       Potion            |       |     4 |       ||     4
 Stab: Sleeping          |     2 |     1 |       ||     3
  Eat: Chunk             |     3 |     6 |     3 ||    12
       Ration            |       |     1 |       ||     1
Armor: Animal skin       |    29 |    41 |    10 ||    80
       Robe              |    13 |    19 |       ||    32
       Skin              |       |    24 |       ||    24
Dodge: Dodged            |   100 |   129 |    23 ||   252
